Unix NetHack Version 3.7.0-53 Work-in-progress - last build Apr 18 2022 03:42:42 (02b85442fffe0e2954e411e09df771b56fe27bbc,branch:master). Game began 2022-05-07 17:11:30, ended 2022-05-07 18:36:52. spontiff, neutral male gnomish Healer ---------------------------------# ---- |...............)...............|# .. |.{.....---------|-----....----..# . |.......|..|.(.|..|.+.-....|..|.|# . |.......-..|.$+|..|.?.|.---|..|.|## . #|.-----.---|...|--|[..|.|..|..|.|# ###..|.$.*....---||..|----.|..|-|-.|# # #|.|...|".......|..|..-..--+-....|# # #|.-----".-----.-|-|..|..........|# ------------ # #|........|. |....|----.--|-..{.|# |..........-######|..---|-.|...-....-...|.|..|%...|# |....>.....| # |..|...|.--------.|...|.|..|-|-.|# ....--.--+- |........... |..|...|..|..|..-.|._.|.|..|..|..# |<........| |..........| |..|..$|..|..|..|.|...|.---|..|..# |.........| |..........| ###...-----..--|----.-----....----..#### +.........| |...........#### |..............@f...............| # |.........| ------------ --------------------------------- #########..........| ----------- Spontiff the Rhizotomist St:8 Dx:15 Co:14 In:12 Wi:14 Ch:17 Neutral S:270 Dlvl:5 $:0 HP:16(20) Pw:9(9) AC:4 Xp:1/5 T:4047 Latest messages: You see here 184 gold pieces. You drop a spellbook called violet 4. Asidonhopo offers 150 gold pieces for your spellbook called violet 4. Sell it? [ynaq] (n) y You sold a spellbook called violet 4 for 150 gold pieces. What do you want to use or apply? [fklstwxzSZ or ?*] f What do you want to use or apply? [fklstwxzSZ or ?*] f You put 150 gold pieces into the bag called holding. There are several objects here. The large cat picks up a spellbook called violet 4. The large cat drops a spellbook called violet 4. You see here a spellbook called violet 4. O - a spellbook called violet 4. "Hello, spontiff! Welcome again to Asidonhopo's general store!" You see here 184 gold pieces. What do you want to drop? [cf-hklnp-tv-zEOSZ or ?*] O You drop a spellbook called violet 4. Asidonhopo offers 150 gold pieces for your spellbook called violet 4. Sell it? [ynaq] (n) y You sold a spellbook called violet 4 for 150 gold pieces. There are several objects here. You do not owe Asidonhopo anything. There are several objects here. You swap places with your large cat. The hobgoblin picks up a pair of hard shoes. The hobgoblin puts on a pair of hard shoes. The hobgoblin picks up a dagger. You stumble into a spider web! You are stuck to the web. The hobgoblin throws a dagger! A dagger misses you. In what direction? . You cannot deal with the web while trapped in it! You are stuck to the web. You are stuck to the web. You are stuck to the web. You disentangle yourself. You hear the splashing of a naiad. Pick an object. You swap places with your large cat. What do you want to use or apply? [fklstwxzSZ or ?*] f You put 150 gold pieces into the bag called holding. The iguana bites! The iguana bites! The large cat bites the iguana. The large cat bites the iguana. The iguana misses the large cat. You kill the iguana! #h ffs: unknown extended command. Really quit? (yes) [no] yes Do you want your possessions identified? [ynq] (y) y Do you want to see the dungeon overview? [ynq] (y) q Major events: Turn 1: spontiff the neutral male gnomish Healer entered the dungeon 621: entered the Gnomish Mines 2588: reached Mine Town 4047: quit Inventory: Armor h - an uncursed +0 dwarvish iron helm (being worn) g - an uncursed +1 pair of leather gloves (being worn) v - an uncursed +0 pair of elven boots (being worn) r - an uncursed +0 small shield (being worn) q - an uncursed +0 dwarvish cloak (being worn) Comestibles y - an uncursed apple n - an uncursed food ration p - an uncursed tripe ration Potions c - an uncursed potion of extra healing Wands S - a blessed wand of sleep (0:3) Z - an uncursed wand of teleportation (0:4) Tools f - an uncursed bag of holding containing 27 items t - an uncursed blindfold x - an uncursed brass lantern z - an uncursed leash w - an uncursed mirror k - a cursed skeleton key s - an uncursed stethoscope Gems/Stones E - an uncursed diamond l - an uncursed luckstone Contents of the bag of holding: 629 gold pieces an uncursed +0 crossbow bolt 2 uncursed food rations an uncursed tripe ration a cursed tripe ration an uncursed scroll of confuse monster an uncursed scroll of fire a cursed scroll of gold detection an uncursed scroll of identify an uncursed scroll of light an uncursed scroll of teleportation a blessed spellbook of healing 3 uncursed potions of extra healing an uncursed potion of fruit juice an uncursed potion of see invisible an uncursed potion of water an uncursed +1 ring of protection an uncursed ring of shock resistance an uncursed wand of make invisible (0:7) an empty uncursed sack an uncursed oil lamp an uncursed oil lamp a cursed ruby 2 uncursed worthless pieces of green glass an uncursed worthless piece of orange glass 2 uncursed worthless pieces of red glass 2 uncursed worthless pieces of white glass Spontiff the Healer's attributes: Background: You were a Rhizotomist, a level 1 male gnomish Healer. You were neutral, on a mission for Hermes who was opposed by Athena (lawful) and Poseidon (chaotic). You were in the Gnomish Mines, on level 5. You entered the dungeon 4047 turns ago. You had 5 experience points, 15 more were needed to attain level 2. Your score was 270 before end-of-game adjustments. Basics: You had 16 out of 20 hit points. You had all 9 energy points (spell power). Your armor class was 4. Your wallet was empty. Autopickup was on for '$!/="?' plus thrown, with exceptions. Final Characteristics: Your strength was 8 (limit:18/50). Your dexterity was 15 (limit:18). Your constitution was 14 (limit:18). Your intelligence was 12 (limit:19). Your wisdom was 14 (limit:18). Your charisma was 17 (limit:18). Final Status: You were not hungry. You were unencumbered. You were empty handed. You were unskilled in bare handed combat. Final Attributes: You were devoutly aligned. You were poison resistant. You had infravision. You were stealthy. You were warded. You were lucky. You had extra luck. Bad luck did not time out for you. Good luck did not time out for you. You survived. Miscellaneous: You never encountered a bones level. Total elapsed playing time was 1 hour, 25 minutes and 22 seconds. Vanquished creatures: a large mimic 3 small mimics 2 watchmen a gnome leader a floating eye 4 dwarves a werejackal an iguana 2 hobbits 2 large kobolds 2 hobgoblins 2 giant rats a cave spider 2 yellow molds 2 green molds 5 gnomes 5 geckos 12 jackals 2 foxes 6 goblins 2 sewer rats 7 grid bugs 3 bats 4 lichens 4 kobold zombies 13 newts 90 creatures vanquished. No species were genocided or became extinct. Voluntary challenges: You never hit with a wielded weapon. You read items or engraved 3 times. You never engraved Elbereth. You never genocided any monsters. You never polymorphed an object. You never changed form. You used no wishes. Achievements: You entered the Gnomish Mines. You entered a shop. You entered Minetown. You entered a temple. The Dungeons of Doom: levels 1 to 4 Level 1: "Stashlet" Level 2: A general store, an altar. Stairs down to The Gnomish Mines. Level 3: A sink. Level 4: The Gnomish Mines: levels 3 to 6 Level 3: Level 4: Level 5: <- You were here. Many shops, a temple, some fountains. Level 6: Goodbye spontiff the Healer... You quit in The Gnomish Mines on dungeon level 5 with 270 points, and 629 pieces of gold, after 4047 moves. You were level 1 with a maximum of 20 hit points when you quit.